Flyers vs Maple Leafs

Created - 14 février 2020 at 22:00

Goals
1 2 3 T
Flyers 3 0 2 5
Maple Leafs 1 0 1 2
Shots
1 2 3 T
Flyers 12 5 13 30
Maple Leafs 9 9 12 30

1st period

1. Flyers , Calle Jarnkrok 6 (Casey Cizikas 20) at 0:33 (SH)
2. Flyers , Leon Draisaitl 21 (Brandon Montour 20) at 2:15 (SH)
3. Flyers , Vincent Trocheck 20 (Travis Zajac 19, Travis Konecny 19) at 4:36
4. Maple Leafs , Andrei Svechnikov 18 (Hampus Lindholm 15, Nikolaj Ehlers 19) at 13:11

Penalties :
Tyson Barrie (PHI) for Tripping (Minor) at 0:27, Travis Dermott (TOR) for Holding (Minor) at 10:24

2nd period

No Goal

Penalties :
Troy Stecher (TOR) for Holding (Minor) at 3:18, Leon Draisaitl (PHI) for Boarding (Minor) at 8:50, Hampus Lindholm (TOR) for High sticking (Minor) at 12:53, Mikhail Sergachev (TOR) for Slashing (Minor) at 19:15

3rd period

5. Flyers , Patrick Kane 29 (Leon Draisaitl 34, Filip Forsberg 12) at 3:50 (PP)
6. Flyers , Casey Cizikas 10 (Martin Necas 6, Jakub Vrana 9) at 5:21
7. Maple Leafs , Logan Couture 19 (Mike Hoffman 27) at 18:35

Penalties :
Travis Dermott (TOR) for Hooking (Minor) at 2:50, Dmitry Kulikov (TOR) for Holding (Minor) at 15:17

Goalie Stats

Casey DeSmith (PHI), 28 saves from 30 shots - (0,933), W, 8-4-1, 60:00 minutes
Anders Nilsson (TOR), 10 saves from 11 shots - (0,909), 16:10 minutes
Petr Mrazek (TOR), 15 saves from 19 shots - (0,789), L, 18-10-3, 43:50 minutes

Players Stats for Flyers

Player Name              G  A  P  +/- PIM S  H  SB GA TA FO     MP     PP MP  PK MP  
------------------------------------------------------------------------------------
Brandon Montour          0  1  1   0  0   0  1  5  0  1  0/0    19:29   0:00   1:36 
Calle Jarnkrok           1  0  1   1  0   1  2  0  0  0  5/5    10:28   0:38   1:57 
Casey Cizikas            1  1  2   2  0   3  5  1  0  0  6/9    14:24   0:03   1:57 
Filip Forsberg           0  1  1   0  0   0  0  2  0  1  0/1    20:15   6:26   0:12 
Jakub Vrana              0  1  1   1  0   2  0  0  0  0  0/1    11:16   0:17   0:00 
Kevin Fiala              0  0  0   0  0   1  1  0  0  0  0/0     8:19   0:20   0:00 
Kevin Labanc             0  0  0   0  0   1  0  0  1  0  0/0    11:40   3:34   0:00 
Leon Draisaitl           1  1  2   0  2   5  4  0  3  1  12/26  20:26   6:26   0:12 
Martin Necas             0  1  1   1  0   1  0  0  0  0  1/1    18:09   7:28   0:00 
Mike Matheson            0  0  0   2  0   1  0  1  0  0  0/0    14:58   0:00   2:22 
Nikita Zadorov           0  0  0   2  0   0  0  0  0  0  0/0    14:58   0:00   2:22 
Patrick Kane             1  0  1  -1  0   5  1  0  0  0  0/0    20:03   6:26   0:00 
Rasmus Ristolainen       0  0  0  -1  0   1  2  3  0  0  0/0    25:20   7:28   0:00 
T.J. Brodie              0  0  0   1  0   1  1  2  0  2  0/0    14:42   0:00   1:36 
Travis Konecny           0  1  1   0  0   2  0  1  0  0  0/0    16:13   3:58   0:00 
Travis Zajac             0  1  1   0  0   1  2  0  0  0  8/14   18:29   4:02   1:49 
Tyson Barrie             0  0  0   0  2   0  1  2  0  0  0/0    18:22   3:27   0:00 
Vincent Trocheck         1  0  1   0  0   5  4  1  0  1  1/1    18:29   4:02   1:49 

Players Stats for Maple Leafs

Player Name              G  A  P  +/- PIM S  H  SB GA TA FO     MP     PP MP  PK MP  
------------------------------------------------------------------------------------
Andrei Svechnikov        1  0  1   0  0   2  2  0  1  0  0/0    15:57   2:14   1:40 
Blake Comeau             0  0  0  -1  0   2  0  2  0  1  0/0     7:36   0:00   0:00 
Bobby Ryan               0  0  0   0  0   2  3  0  0  0  2/7    15:04   0:00   3:21 
Dmitry Kulikov           0  0  0   0  2   0  2  1  0  1  0/0    20:03   1:43   3:42 
Fredrik Claesson         0  0  0  -1  0   0  3  0  0  0  0/0    10:36   0:00   0:00 
Hampus Lindholm          0  1  1  -1  2   2  0  3  1  0  0/0    27:03   2:15   4:51 
Ilya Kovalchuk           0  0  0  -1  0   2  1  0  0  0  0/1    16:27   1:41   3:03 
Jake Debrusk             0  0  0   0  0   1  0  0  0  0  0/1    11:44   0:03   0:00 
Jesper Bratt             0  0  0  -1  0   0  1  0  0  0  2/2     8:58   0:00   1:22 
Kaapo Kakko              0  0  0  -1  0   2  0  0  0  0  0/2    15:19   1:41   0:00 
Logan Couture            1  0  1  -1  0   8  0  0  0  0  18/32  22:23   2:17   6:12 
Mattias Janmark          0  0  0   1  0   1  0  1  0  1  1/7    11:54   0:00   0:00 
Michael Mersch           0  0  0  -1  0   0  1  0  1  0  0/0     7:36   0:00   0:00 
Mike Hoffman             0  1  1  -1  0   6  5  0  2  0  0/3    22:23   2:17   6:12 
Mikhail Sergachev        0  0  0  -1  2   1  2  3  0  0  0/0    26:41   2:15   4:41 
Nikolaj Ehlers           0  1  1   0  0   0  1  1  1  0  2/3    13:35   1:41   0:00 
Travis Dermott           0  0  0  -1  4   1  0  0  0  1  0/0    14:41   0:00   3:58 
Troy Stecher             0  0  0   0  2   0  2  0  0  0  0/0    20:59   1:43   4:38 

3 Stars

1 - Casey Cizikas (PHI)
2 - Leon Draisaitl (PHI)
3 - Vincent Trocheck (PHI)

Power Play

Flyers - 1 on 6 Attempt(s) - 16,67%
Maple Leafs - 0 on 2 Attempt(s) - 0,00%

Penalty Kill

Flyers - 2 on 2 Attempt(s) - 100,00% - Score 2 goal in Penalty Kill
Maple Leafs - 5 on 6 Attempt(s) - 83,33% - Score 0 goal in Penalty Kill

Team Stat

Flyers - Hits : 24 - Faceoff Wins : 33 - Blocked Shots : 18 - Penalty Minutes : 4
Maple Leafs - Hits : 23 - Faceoff Wins : 25 - Blocked Shots : 11 - Penalty Minutes : 12

Official

Referees : Frederick L'Ecuyer and Brad Watson
Linesman : Trent Knorr and Tony Sericolo

Game Notes

Anders Nilsson enters game at 3:50 of 3rd period

Finance

Level 1 -- Attendance: 3971 (66,18%) -- Ticket Income 436 810 $
Level 2 -- Attendance: 3667 (73,34%) -- Ticket Income 238 355 $
Level 3 -- Attendance: 1291 (64,55%) -- Ticket Income 58 095 $
Level 4 -- Attendance: 4000 (100,00%) -- Ticket Income 88 000 $
Luxury Box -- Attendance: 650 (65,00%) -- Ticket Income 146 250 $
Game was played at the Air Canada Center.
Total Attendance: 13579 (75,44%)
Total Ticket Income: 967 510 $
Other Income: 474 080 $
Total Income: 1 441 590 $

Flyers

5 vs 5 Forward 
   Center                   Left Wing                Right Wing               Time % Phy DF OF 
 1 Leon Draisaitl           Filip Forsberg           Patrick Kane             32     0   3  2  
 2 Travis Zajac             Travis Konecny           Vincent Trocheck         29     0   3  2  
 3 Casey Cizikas            Jakub Vrana              Martin Necas             27     0   3  2  
 4 Calle Jarnkrok           Kevin Labanc             Kevin Fiala              12     0   3  2  

5 vs 5 Defense 
   Defense                  Defense                                           Time % Phy DF OF 
 1 Rasmus Ristolainen       Brandon Montour                                   40     0   3  2  
 2 Tyson Barrie             T.J. Brodie                                       33     0   3  2  
 3 Nikita Zadorov           Mike Matheson                                     27     0   4  1  
 4 Tyson Barrie             Rasmus Ristolainen                                0      1   2  2  

PowerPlay Forward 
   Center                   Left Wing                Right Wing               Time % Phy DF OF 
 1 Leon Draisaitl           Filip Forsberg           Patrick Kane             55     0   0  5  
 2 Travis Zajac             Travis Konecny           Vincent Trocheck         45     0   0  5  

PowerPlay Defense
   Defense                  Defense                                           Time % Phy DF OF 
 1 Rasmus Ristolainen       Martin Necas                                      55     0   1  4  
 2 Tyson Barrie             Kevin Labanc                                      45     0   1  4  

Penalty Kill 4 Players Forward 
   Center                   Wing                     Time % Phy DF OF 
 1 Calle Jarnkrok           Casey Cizikas            55     1   4  0  
 2 Travis Zajac             Vincent Trocheck         45     1   4  0  

Penalty Kill 4 Players Defense
   Defense                  Defense                  Time % Phy DF OF 
 1 Brandon Montour          T.J. Brodie              50     1   4  0  
 2 Nikita Zadorov           Mike Matheson            50     1   4  0  

Penalty Kill - 3 Players Forward 
   Forward                                           Time % Phy DF OF 
 1 Casey Cizikas                                     55     0   5  0  
 2 Travis Zajac                                      45     0   5  0  

Penalty Kill - 3 Players Defense
   Defense                  Defense                  Time % Phy DF OF 
 1 Brandon Montour          T.J. Brodie              50     0   5  0  
 2 Nikita Zadorov           Mike Matheson            50     0   5  0  

4 vs 4 Forward 
   Center                   Wing                     Time % Phy DF OF 
 1 Leon Draisaitl           Patrick Kane             55     0   2  3  
 2 Vincent Trocheck         Filip Forsberg           45     0   2  3  

4 vs 4 Defense
   Defense                  Defense                  Time % Phy DF OF 
 1 Rasmus Ristolainen       Brandon Montour          55     0   2  3  
 2 Tyson Barrie             T.J. Brodie              45     0   2  3  

Last Minutes Offensive
   Center                   Left Wing                Right Wing               Defense                  Defense                  
   Leon Draisaitl           Filip Forsberg           Patrick Kane             Tyson Barrie             Rasmus Ristolainen       

Last Minutes Defensive
   Center                   Left Wing                Right Wing               Defense                  Defense                  
   Leon Draisaitl           Casey Cizikas            Travis Zajac             Brandon Montour          Rasmus Ristolainen       

Goaltenders
Starting : Casey DeSmith            
Backup : Matt Murray              

Extra Forwards
Normal : Kevin Labanc, Kevin Fiala, Casey Cizikas - PP : Martin Necas, Kevin Labanc - PK : Filip Forsberg
Extra Defensemen
Normal : Mike Matheson, Rasmus Ristolainen, Nikita Zadorov - PP : Mike Matheson - PK : Brandon Montour, Rasmus Ristolainen
Penalty Shots
Patrick Kane, Leon Draisaitl, Jakub Vrana, Vincent Trocheck, Casey Cizikas
Custom OT Lines Forwards
Patrick Kane, Leon Draisaitl, Filip Forsberg, Vincent Trocheck, Casey Cizikas, Martin Necas, Kevin Fiala, Jakub Vrana, Calle Jarnkrok, Travis Zajac
Custom OT Lines Defensemen
Tyson Barrie, Brandon Montour, T.J. Brodie, Mike Matheson, Nikita Zadorov

Scratches
Ryan Hitchcock (Healthy)

Maple Leafs

5 vs 5 Forward 
   Center                   Left Wing                Right Wing               Time % Phy DF OF 
 1 Logan Couture            Kaapo Kakko              Mike Hoffman             33     1   2  2  
 2 Bobby Ryan               Jake Debrusk             Ilya Kovalchuk           28     1   2  2  
 3 Mattias Janmark          Andrei Svechnikov        Nikolaj Ehlers           27     1   2  2  
 4 Jesper Bratt             Blake Comeau             Michael Mersch           12     1   2  2  

5 vs 5 Defense 
   Defense                  Defense                                           Time % Phy DF OF 
 1 Hampus Lindholm          Mikhail Sergachev                                 40     1   2  2  
 2 Troy Stecher             Dmitry Kulikov                                    30     1   2  2  
 3 Fredrik Claesson         Travis Dermott                                    20     1   2  2  
 4 Hampus Lindholm          Mikhail Sergachev                                 10     1   2  2  

PowerPlay Forward 
   Center                   Left Wing                Right Wing               Time % Phy DF OF 
 1 Logan Couture            Andrei Svechnikov        Mike Hoffman             60     1   2  2  
 2 Nikolaj Ehlers           Ilya Kovalchuk           Kaapo Kakko              40     1   2  2  

PowerPlay Defense
   Defense                  Defense                                           Time % Phy DF OF 
 1 Hampus Lindholm          Mikhail Sergachev                                 60     1   2  2  
 2 Troy Stecher             Dmitry Kulikov                                    40     1   2  2  

Penalty Kill 4 Players Forward 
   Center                   Wing                     Time % Phy DF OF 
 1 Logan Couture            Mike Hoffman             60     1   2  2  
 2 Bobby Ryan               Ilya Kovalchuk           40     1   2  2  

Penalty Kill 4 Players Defense
   Defense                  Defense                  Time % Phy DF OF 
 1 Hampus Lindholm          Mikhail Sergachev        60     1   2  2  
 2 Troy Stecher             Dmitry Kulikov           40     1   2  2  

Penalty Kill - 3 Players Forward 
   Forward                                           Time % Phy DF OF 
 1 Logan Couture                                     60     1   2  2  
 2 Mike Hoffman                                      40     1   2  2  

Penalty Kill - 3 Players Defense
   Defense                  Defense                  Time % Phy DF OF 
 1 Hampus Lindholm          Mikhail Sergachev        60     1   2  2  
 2 Troy Stecher             Dmitry Kulikov           40     1   2  2  

4 vs 4 Forward 
   Center                   Wing                     Time % Phy DF OF 
 1 Logan Couture            Mike Hoffman             60     1   2  2  
 2 Bobby Ryan               Ilya Kovalchuk           40     1   2  2  

4 vs 4 Defense
   Defense                  Defense                  Time % Phy DF OF 
 1 Hampus Lindholm          Mikhail Sergachev        60     1   2  2  
 2 Troy Stecher             Dmitry Kulikov           40     1   2  2  

Last Minutes Offensive
   Center                   Left Wing                Right Wing               Defense                  Defense                  
   Logan Couture            Bobby Ryan               Mike Hoffman             Hampus Lindholm          Mikhail Sergachev        

Last Minutes Defensive
   Center                   Left Wing                Right Wing               Defense                  Defense                  
   Logan Couture            Bobby Ryan               Mike Hoffman             Hampus Lindholm          Mikhail Sergachev        

Goaltenders
Starting : Petr Mrazek              
Backup : Anders Nilsson           

Extra Forwards
Normal : Jake Debrusk, Michael Mersch, Jesper Bratt - PP : Jake Debrusk, Michael Mersch - PK : Jesper Bratt
Extra Defensemen
Normal : Fredrik Claesson, Travis Dermott, Troy Stecher - PP : Fredrik Claesson - PK : Travis Dermott, Troy Stecher
Penalty Shots
Logan Couture, Mike Hoffman, Bobby Ryan, Ilya Kovalchuk, Blake Comeau
Custom OT Lines Forwards
Logan Couture, Mike Hoffman, Bobby Ryan, Ilya Kovalchuk, Blake Comeau, Jesper Bratt, Nikolaj Ehlers, Andrei Svechnikov, Jake Debrusk, Mattias Janmark
Custom OT Lines Defensemen
Hampus Lindholm, Mikhail Sergachev, Troy Stecher, Dmitry Kulikov, Fredrik Claesson

Scratches
Ben Hutton (Left Ankle Injury)

% Time on Ice - Flyers

Lines # - Real PCT - Wanted PCT - Time Play
Normal Forward
1 - 33% - 32% - 14:44
2 - 28% - 29% - 12:38
3 - 24% - 27% - 10:59
4 - 15% - 12% - 6:46
Normal Defense
1 - 40% - 40% - 18:04
2 - 35% - 33% - 15:39
3 - 25% - 27% - 11:24
4 - 0% - 0% - 0:00
PP Forward
1 - 59% - 55% - 6:29
2 - 41% - 45% - 4:26
PP Defense
1 - 68% - 55% - 7:28
2 - 32% - 45% - 3:27
PK Forward
1 - 54% - 55% - 2:09
2 - 46% - 45% - 1:49
PK Defense
1 - 40% - 50% - 1:36
2 - 60% - 50% - 2:22
PK3 Forward
1 - 0% - 55%
2 - 0% - 45%
PK3 Defense
1 - 0% - 50%
2 - 0% - 50%
44 Forward
1 - 0% - 55%
2 - 0% - 45%
44 Defense
1 - 0% - 55%
2 - 0% - 45%
Last Minute Offensive  - 0:00
Last Minute Defensive  - 0:00
Total
Forward - 60:00
Defense - 60:00

% Time on Ice - Maple Leafs

Lines # - Real PCT - Wanted PCT - Time Play
Normal Forward
1 - 31% - 33% - 13:54
2 - 26% - 28% - 11:43
3 - 26% - 27% - 11:54
4 - 17% - 12% - 7:36
Normal Defense
1 - 44% - 40% - 19:38
2 - 31% - 30% - 13:58
3 - 23% - 20% - 10:36
4 - 2% - 10% - 0:55
PP Forward
1 - 58% - 60% - 2:17
2 - 42% - 40% - 1:41
PP Defense
1 - 57% - 60% - 2:15
2 - 43% - 40% - 1:43
PK Forward
1 - 72% - 60% - 7:52
2 - 28% - 40% - 3:03
PK Defense
1 - 53% - 60% - 5:47
2 - 47% - 40% - 5:08
PK3 Forward
1 - 0% - 60%
2 - 0% - 40%
PK3 Defense
1 - 0% - 60%
2 - 0% - 40%
44 Forward
1 - 0% - 60%
2 - 0% - 40%
44 Defense
1 - 0% - 60%
2 - 0% - 40%
Last Minute Offensive  - 0:00
Last Minute Defensive  - 0:00
Total
Forward - 60:00
Defense - 60:00

Play-by-Play

1st period


0:01 of 1st period - Logan Couture wins face-off versus Leon Draisaitl in neutral zone.
0:12 of 1st period - Snap shot by Logan Couture.
0:12 of 1st period - Stopped by Casey DeSmith without a rebound.
0:13 of 1st period - Bobby Ryan wins face-off versus Travis Zajac in Flyers zone.
0:27 of 1st period - Minor Penalty to Tyson Barrie for Tripping.
0:28 of 1st period - Calle Jarnkrok wins face-off versus Logan Couture in Flyers zone.
0:28 of 1st period - Calle Jarnkrok is hit by Mike Hoffman.
0:33 of 1st period - Snap shot by Calle Jarnkrok.
0:33 of 1st period - Goal by Calle Jarnkrok - Flyers : 1 - Maple Leafs : 0.
0:34 of 1st period - Logan Couture wins face-off versus Travis Zajac in neutral zone.
0:49 of 1st period - Wrist shot by Mike Hoffman.
0:49 of 1st period - Shot Misses the Net.
1:05 of 1st period - Ilya Kovalchuk is hit by Calle Jarnkrok and loses puck.
1:29 of 1st period - Troy Stecher is hit by Vincent Trocheck and loses puck.
2:10 of 1st period - Nikolaj Ehlers is hit by Leon Draisaitl and loses puck.
2:15 of 1st period - Slapshot by Leon Draisaitl.
2:15 of 1st period - Goal by Leon Draisaitl - Flyers : 2 - Maple Leafs : 0.
2:16 of 1st period - Travis Zajac wins face-off versus Logan Couture in neutral zone.
2:25 of 1st period - Travis Zajac is hit by Troy Stecher and loses puck.
2:27 of 1st period - Penalty to Tyson Barrie is over, Tyson Barrie is back on ice.
2:30 of 1st period - Snap shot by Mike Hoffman.
2:30 of 1st period - Stopped by Casey DeSmith with a rebound.
2:44 of 1st period - Slapshot by Travis Zajac.
2:44 of 1st period - Shot Blocked by Dmitry Kulikov.
3:34 of 1st period - Andrei Svechnikov is hit by Leon Draisaitl and loses puck.
4:36 of 1st period - Slapshot by Vincent Trocheck.
4:36 of 1st period - Goal by Vincent Trocheck - Flyers : 3 - Maple Leafs : 0.
4:37 of 1st period - Logan Couture wins face-off versus Leon Draisaitl in neutral zone.
5:04 of 1st period - Nikolaj Ehlers is hit by Casey Cizikas and loses puck.
5:33 of 1st period - Travis Zajac is hit by Jesper Bratt and loses puck.
7:32 of 1st period - Snap shot by Kevin Labanc.
7:32 of 1st period - Stopped by Petr Mrazek with a rebound.
8:30 of 1st period - Travis Dermott is hit by Casey Cizikas and loses puck.
9:10 of 1st period - Wrist shot by Mike Hoffman.
9:10 of 1st period - Shot Blocked by T.J. Brodie.
9:16 of 1st period - Slapshot by Mike Hoffman.
9:16 of 1st period - Shot Blocked by Tyson Barrie.
9:36 of 1st period - Snap shot by Andrei Svechnikov.
9:36 of 1st period - Shot Misses the Net.
9:52 of 1st period - Troy Stecher is hit by Rasmus Ristolainen and loses puck.
10:01 of 1st period - Slapshot by Jakub Vrana.
10:01 of 1st period - Shot Blocked by Blake Comeau.
10:03 of 1st period - Snap shot by Martin Necas.
10:03 of 1st period - Shot Misses the Net.
10:05 of 1st period - Slapshot by T.J. Brodie.
10:05 of 1st period - Stopped by Petr Mrazek without a rebound.
10:06 of 1st period - Leon Draisaitl wins face-off versus Logan Couture in Maple Leafs zone.
10:24 of 1st period - Minor Penalty to Travis Dermott for Holding.
10:25 of 1st period - Logan Couture wins face-off versus Leon Draisaitl in Maple Leafs zone.
11:22 of 1st period - Icing by Tyson Barrie.
11:23 of 1st period - Travis Zajac wins face-off versus Logan Couture in Flyers zone.
11:23 of 1st period - Travis Zajac is hit by Mike Hoffman.
12:24 of 1st period - Penalty to Travis Dermott is over, Travis Dermott is back on ice.
12:25 of 1st period - Travis Zajac is hit by Mikhail Sergachev and loses puck.
12:50 of 1st period - Wrist shot by Bobby Ryan.
12:50 of 1st period - Deflect By Ilya Kovalchuk.
12:50 of 1st period - Stopped by Casey DeSmith without a rebound.
12:51 of 1st period - Leon Draisaitl wins face-off versus Mattias Janmark in Flyers zone.
12:55 of 1st period - Off-side.
12:56 of 1st period - Leon Draisaitl wins face-off versus Nikolaj Ehlers in neutral zone.
13:07 of 1st period - Snap shot by Nikolaj Ehlers.
13:07 of 1st period - Shot Misses the Net.
13:09 of 1st period - Slapshot by Hampus Lindholm.
13:09 of 1st period - Stopped by Casey DeSmith with a rebound.
13:11 of 1st period - Wrist shot by Andrei Svechnikov.
13:11 of 1st period - Goal by Andrei Svechnikov - Flyers : 3 - Maple Leafs : 1.
13:12 of 1st period - Casey Cizikas wins face-off versus Logan Couture in neutral zone.
13:19 of 1st period - Snap shot by Jakub Vrana.
13:19 of 1st period - Stopped by Petr Mrazek with a rebound.
13:21 of 1st period - Wrist shot by Jakub Vrana.
13:21 of 1st period - Stopped by Petr Mrazek with a rebound.
13:23 of 1st period - Slapshot by Rasmus Ristolainen.
13:23 of 1st period - Shot Misses the Net.
13:25 of 1st period - Slapshot by Rasmus Ristolainen.
13:25 of 1st period - Deflect By Martin Necas.
13:25 of 1st period - Shot Misses the Net.
13:25 of 1st period - Puck is out of play.
13:26 of 1st period - Logan Couture wins face-off versus Leon Draisaitl in Maple Leafs zone.
13:33 of 1st period - Wrist shot by Logan Couture.
13:33 of 1st period - Stopped by Casey DeSmith with a rebound.
13:43 of 1st period - Wrist shot by Patrick Kane.
13:43 of 1st period - Deflect By Filip Forsberg.
13:43 of 1st period - Shot Misses the Net.
13:43 of 1st period - Puck is out of play.
13:44 of 1st period - Nikolaj Ehlers wins face-off versus Jakub Vrana in Maple Leafs zone.
13:55 of 1st period - Slapshot by Andrei Svechnikov.
13:55 of 1st period - Shot Blocked by Brandon Montour.
13:57 of 1st period - Snap shot by Andrei Svechnikov.
13:57 of 1st period - Shot Misses the Net.
13:59 of 1st period - Snap shot by Andrei Svechnikov.
13:59 of 1st period - Shot Blocked by Rasmus Ristolainen.
14:11 of 1st period - Logan Couture is hit by Leon Draisaitl and loses puck.
14:34 of 1st period - Snap shot by Kevin Fiala.
14:34 of 1st period - Stopped by Petr Mrazek without a rebound.
14:35 of 1st period - Calle Jarnkrok wins face-off versus Bobby Ryan in Maple Leafs zone.
14:41 of 1st period - Icing by Jake Debrusk.
14:42 of 1st period - Travis Zajac wins face-off versus Jake Debrusk in Maple Leafs zone.
14:49 of 1st period - Snap shot by Travis Konecny.
14:49 of 1st period - Shot Blocked by Hampus Lindholm.
14:57 of 1st period - Backhand shot by Jake Debrusk.
14:57 of 1st period - Shot Blocked by Travis Konecny.
15:14 of 1st period - Snap shot by Jakub Vrana.
15:14 of 1st period - Deflect By Casey Cizikas.
15:14 of 1st period - Stopped by Petr Mrazek with a rebound.
17:14 of 1st period - Icing by Blake Comeau.
17:15 of 1st period - Leon Draisaitl wins face-off versus Logan Couture in Maple Leafs zone.
17:26 of 1st period - Snap shot by Mike Hoffman.
17:26 of 1st period - Stopped by Casey DeSmith with a rebound.
17:28 of 1st period - Slapshot by Travis Dermott.
17:28 of 1st period - Deflect By Filip Forsberg.
17:28 of 1st period - Stopped by Casey DeSmith without a rebound.
17:29 of 1st period - Travis Zajac wins face-off versus Bobby Ryan in Flyers zone.
17:45 of 1st period - Vincent Trocheck is hit by Bobby Ryan and loses puck.
18:00 of 1st period - Wrist shot by Casey Cizikas.
18:00 of 1st period - Shot Blocked by Hampus Lindholm.
18:02 of 1st period - Slapshot by Rasmus Ristolainen.
18:02 of 1st period - Shot Blocked by Hampus Lindholm.
18:04 of 1st period - Slapshot by Casey Cizikas.
18:04 of 1st period - Stopped by Petr Mrazek with a rebound.
18:06 of 1st period - Slapshot by Rasmus Ristolainen.
18:06 of 1st period - Stopped by Petr Mrazek with a rebound.
18:10 of 1st period - Snap shot by Martin Necas.
18:10 of 1st period - Stopped by Petr Mrazek with a rebound.
18:30 of 1st period - Wrist shot by Kevin Fiala.
18:30 of 1st period - Shot Misses the Net.
19:25 of 1st period - Casey Cizikas is hit by Dmitry Kulikov and loses puck.
19:48 of 1st period - Slapshot by Logan Couture.
19:48 of 1st period - Stopped by Casey DeSmith with a rebound.
19:50 of 1st period - Snap shot by Troy Stecher.
19:50 of 1st period - Shot Misses the Net.
Goals for this period are 3 for Flyers vs 1 for Maple Leafs.
Shots for this period are 12 for Flyers vs 9 for Maple Leafs.

2nd period


0:01 of 2nd period - Logan Couture wins face-off versus Leon Draisaitl in neutral zone.
0:08 of 2nd period - Snap shot by Mike Hoffman.
0:08 of 2nd period - Stopped by Casey DeSmith with a rebound.
0:40 of 2nd period - Snap shot by Nikolaj Ehlers.
0:40 of 2nd period - Shot Misses the Net.
0:52 of 2nd period - Brandon Montour is hit by Fredrik Claesson and loses puck.
0:59 of 2nd period - Wrist shot by Ilya Kovalchuk.
0:59 of 2nd period - Shot Misses the Net.
1:37 of 2nd period - Patrick Kane is hit by Mike Hoffman and loses puck.
2:22 of 2nd period - Martin Necas is hit by Bobby Ryan and loses puck.
2:35 of 2nd period - Slapshot by Jakub Vrana.
2:35 of 2nd period - Shot Misses the Net.
2:39 of 2nd period - Snap shot by Leon Draisaitl.
2:39 of 2nd period - Shot Misses the Net.
2:41 of 2nd period - Snap shot by Patrick Kane.
2:41 of 2nd period - Stopped by Petr Mrazek with a rebound.
2:43 of 2nd period - Snap shot by Leon Draisaitl.
2:43 of 2nd period - Stopped by Petr Mrazek with a rebound.
2:45 of 2nd period - Slapshot by Leon Draisaitl.
2:45 of 2nd period - Shot Blocked by Blake Comeau.
3:03 of 2nd period - Snap shot by Kaapo Kakko.
3:03 of 2nd period - Shot Blocked by Mike Matheson.
3:18 of 2nd period - Minor Penalty to Troy Stecher for Holding.
3:19 of 2nd period - Leon Draisaitl wins face-off versus Logan Couture in Maple Leafs zone.
3:29 of 2nd period - Snap shot by Leon Draisaitl.
3:29 of 2nd period - Shot Misses the Net.
3:35 of 2nd period - Wrist shot by Leon Draisaitl.
3:35 of 2nd period - Stopped by Petr Mrazek without a rebound.
3:36 of 2nd period - Logan Couture wins face-off versus Travis Zajac in Maple Leafs zone.
4:13 of 2nd period - Snap shot by Leon Draisaitl.
4:13 of 2nd period - Shot Blocked by Mikhail Sergachev.
4:23 of 2nd period - Vincent Trocheck is hit by Mikhail Sergachev and loses puck.
4:54 of 2nd period - Andrei Svechnikov is hit by Vincent Trocheck and loses puck.
5:18 of 2nd period - Penalty to Troy Stecher is over, Troy Stecher is back on ice.
6:25 of 2nd period - Casey Cizikas is hit by Michael Mersch and loses puck.
7:27 of 2nd period - Rasmus Ristolainen is hit by Fredrik Claesson and loses puck.
7:47 of 2nd period - Tyson Barrie is hit by Mike Hoffman and loses puck.
8:11 of 2nd period - Icing by Dmitry Kulikov.
8:12 of 2nd period - Mattias Janmark wins face-off versus Casey Cizikas in Maple Leafs zone.
8:12 of 2nd period - Mattias Janmark is hit by Casey Cizikas.
8:47 of 2nd period - Wrist shot by Mike Hoffman.
8:47 of 2nd period - Stopped by Casey DeSmith without a rebound.
8:48 of 2nd period - Leon Draisaitl wins face-off versus Ilya Kovalchuk in Flyers zone.
8:50 of 2nd period - Minor Penalty to Leon Draisaitl for Boarding.
8:51 of 2nd period - Calle Jarnkrok wins face-off versus Logan Couture in Flyers zone.
9:32 of 2nd period - Snap shot by Logan Couture.
9:32 of 2nd period - Stopped by Casey DeSmith without a rebound.
9:33 of 2nd period - Calle Jarnkrok wins face-off versus Kaapo Kakko in Flyers zone.
9:48 of 2nd period - Slapshot by Kaapo Kakko.
9:48 of 2nd period - Stopped by Casey DeSmith with a rebound.
9:58 of 2nd period - Logan Couture is hit by Vincent Trocheck and loses puck.
10:11 of 2nd period - Snap shot by Travis Zajac.
10:11 of 2nd period - Shot Misses the Net.
10:50 of 2nd period - Penalty to Leon Draisaitl is over, Leon Draisaitl is back on ice.
11:01 of 2nd period - Slapshot by Leon Draisaitl.
11:01 of 2nd period - Stopped by Petr Mrazek without a rebound.
11:02 of 2nd period - Jesper Bratt wins face-off versus Leon Draisaitl in Maple Leafs zone.
11:27 of 2nd period - Rasmus Ristolainen is hit by Nikolaj Ehlers and loses puck.
11:32 of 2nd period - Snap shot by Nikolaj Ehlers.
11:32 of 2nd period - Shot Blocked by Brandon Montour.
11:44 of 2nd period - Snap shot by Jake Debrusk.
11:44 of 2nd period - Shot Hit the Post.
11:46 of 2nd period - Snap shot by Bobby Ryan.
11:46 of 2nd period - Stopped by Casey DeSmith without a rebound.
11:47 of 2nd period - Bobby Ryan wins face-off versus Travis Zajac in Flyers zone.
12:03 of 2nd period - Snap shot by Ilya Kovalchuk.
12:03 of 2nd period - Stopped by Casey DeSmith with a rebound.
12:05 of 2nd period - Wrist shot by Jake Debrusk.
12:05 of 2nd period - Stopped by Casey DeSmith with a rebound.
12:07 of 2nd period - Snap shot by Mikhail Sergachev.
12:07 of 2nd period - Shot Blocked by Tyson Barrie.
12:09 of 2nd period - Snap shot by Jake Debrusk.
12:09 of 2nd period - Shot Misses the Net.
12:24 of 2nd period - Snap shot by Jake Debrusk.
12:24 of 2nd period - Shot Misses the Net.
12:26 of 2nd period - Wrist shot by Bobby Ryan.
12:26 of 2nd period - Stopped by Casey DeSmith with a rebound.
12:28 of 2nd period - Slapshot by Mikhail Sergachev.
12:28 of 2nd period - Shot Blocked by T.J. Brodie.
12:53 of 2nd period - Minor Penalty to Hampus Lindholm for High sticking.
12:54 of 2nd period - Logan Couture wins face-off versus Leon Draisaitl in Maple Leafs zone.
12:58 of 2nd period - Leon Draisaitl is hit by Troy Stecher and loses puck.
14:43 of 2nd period - Andrei Svechnikov is hit by Kevin Fiala and loses puck.
14:53 of 2nd period - Penalty to Hampus Lindholm is over, Hampus Lindholm is back on ice.
15:13 of 2nd period - Icing by Dmitry Kulikov.
15:14 of 2nd period - Calle Jarnkrok wins face-off versus Mattias Janmark in Maple Leafs zone.
15:31 of 2nd period - Wrist shot by Jesper Bratt.
15:31 of 2nd period - Shot Misses the Net.
15:33 of 2nd period - Snap shot by Dmitry Kulikov.
15:33 of 2nd period - Deflect By Jesper Bratt.
15:33 of 2nd period - Shot Misses the Net.
15:33 of 2nd period - Puck is out of play.
15:34 of 2nd period - Logan Couture wins face-off versus Leon Draisaitl in Flyers zone.
17:12 of 2nd period - Backhand shot by Logan Couture.
17:12 of 2nd period - Deflect By Mike Hoffman.
17:12 of 2nd period - Stopped by Casey DeSmith without a rebound.
17:13 of 2nd period - Casey Cizikas wins face-off versus Mike Hoffman in Flyers zone.
17:32 of 2nd period - Kaapo Kakko is hit by Casey Cizikas.
18:31 of 2nd period - Calle Jarnkrok is hit by Fredrik Claesson and loses puck.
19:06 of 2nd period - Off-side.
19:07 of 2nd period - Travis Zajac wins face-off versus Mattias Janmark in neutral zone.
19:12 of 2nd period - Slapshot by Vincent Trocheck.
19:12 of 2nd period - Stopped by Petr Mrazek without a rebound.
19:13 of 2nd period - Logan Couture wins face-off versus Leon Draisaitl in Maple Leafs zone.
19:15 of 2nd period - Minor Penalty to Mikhail Sergachev for Slashing.
19:16 of 2nd period - Logan Couture wins face-off versus Leon Draisaitl in Maple Leafs zone.
Goals for this period are 0 for Flyers vs 0 for Maple Leafs.
Shots for this period are 5 for Flyers vs 9 for Maple Leafs.

3rd period


0:01 of 3rd period - Logan Couture wins face-off versus Leon Draisaitl in neutral zone.
0:12 of 3rd period - Wrist shot by Mike Hoffman.
0:12 of 3rd period - Deflect By Logan Couture.
0:12 of 3rd period - Shot Misses the Net.
0:12 of 3rd period - Puck is out of play.
0:13 of 3rd period - Leon Draisaitl wins face-off versus Logan Couture in Flyers zone.
0:20 of 3rd period - Snap shot by Patrick Kane.
0:20 of 3rd period - Stopped by Petr Mrazek with a rebound.
0:30 of 3rd period - Wrist shot by Mike Hoffman.
0:30 of 3rd period - Shot Blocked by Rasmus Ristolainen.
0:54 of 3rd period - Bobby Ryan is hit by Travis Zajac and loses puck.
1:15 of 3rd period - Penalty to Mikhail Sergachev is over, Mikhail Sergachev is back on ice.
1:27 of 3rd period - Snap shot by Nikolaj Ehlers.
1:27 of 3rd period - Shot Misses the Net.
1:29 of 3rd period - Slapshot by Troy Stecher.
1:29 of 3rd period - Shot Blocked by Casey Cizikas.
2:02 of 3rd period - Jakub Vrana is hit by Bobby Ryan and loses puck.
2:19 of 3rd period - Logan Couture is hit by Leon Draisaitl and loses puck.
2:50 of 3rd period - Minor Penalty to Travis Dermott for Hooking.
2:51 of 3rd period - Leon Draisaitl wins face-off versus Mike Hoffman in Maple Leafs zone.
3:36 of 3rd period - Snap shot by Leon Draisaitl.
3:36 of 3rd period - Shot Misses the Net.
3:50 of 3rd period - Snap shot by Patrick Kane.
3:50 of 3rd period - Goal by Patrick Kane - Flyers : 4 - Maple Leafs : 1.
3:50 of 3rd period - Anders Nilsson enters game.
3:51 of 3rd period - Travis Zajac wins face-off versus Mattias Janmark in neutral zone.
3:58 of 3rd period - Wrist shot by Travis Zajac.
3:58 of 3rd period - Shot Misses the Net.
4:00 of 3rd period - Slapshot by Tyson Barrie.
4:00 of 3rd period - Shot Misses the Net.
4:02 of 3rd period - Slapshot by Travis Konecny.
4:02 of 3rd period - Shot Blocked by Nikolaj Ehlers.
4:04 of 3rd period - Snap shot by Travis Konecny.
4:04 of 3rd period - Stopped by Anders Nilsson without a rebound.
4:05 of 3rd period - Logan Couture wins face-off versus Casey Cizikas in Maple Leafs zone.
4:16 of 3rd period - Snap shot by Jakub Vrana.
4:16 of 3rd period - Shot Blocked by Mikhail Sergachev.
4:18 of 3rd period - Snap shot by Jakub Vrana.
4:18 of 3rd period - Shot Misses the Net.
4:30 of 3rd period - Filip Forsberg is hit by Andrei Svechnikov and loses puck.
4:57 of 3rd period - Snap shot by Jake Debrusk.
4:57 of 3rd period - Shot Hit the Post.
5:21 of 3rd period - Wrist shot by Casey Cizikas.
5:21 of 3rd period - Goal by Casey Cizikas - Flyers : 5 - Maple Leafs : 1.
5:22 of 3rd period - Leon Draisaitl wins face-off versus Logan Couture in neutral zone.
5:39 of 3rd period - Snap shot by Leon Draisaitl.
5:39 of 3rd period - Shot Blocked by Mikhail Sergachev.
5:54 of 3rd period - Logan Couture is hit by Brandon Montour and loses puck.
6:07 of 3rd period - Slapshot by Logan Couture.
6:07 of 3rd period - Shot Blocked by Brandon Montour.
6:09 of 3rd period - Snap shot by Logan Couture.
6:09 of 3rd period - Stopped by Casey DeSmith with a rebound.
6:13 of 3rd period - Snap shot by Logan Couture.
6:13 of 3rd period - Deflect By Mike Hoffman.
6:13 of 3rd period - Shot Blocked by Brandon Montour.
6:13 of 3rd period - Puck is out of play.
6:14 of 3rd period - Casey Cizikas wins face-off versus Bobby Ryan in Flyers zone.
6:14 of 3rd period - Casey Cizikas is hit by Dmitry Kulikov.
6:39 of 3rd period - Travis Konecny is hit by Andrei Svechnikov and loses puck.
6:46 of 3rd period - Wrist shot by Mattias Janmark.
6:46 of 3rd period - Stopped by Casey DeSmith without a rebound.
6:47 of 3rd period - Nikolaj Ehlers wins face-off versus Casey Cizikas in Flyers zone.
6:48 of 3rd period - Snap shot by Andrei Svechnikov.
6:48 of 3rd period - Stopped by Casey DeSmith with a rebound.
6:50 of 3rd period - Snap shot by Andrei Svechnikov.
6:50 of 3rd period - Shot Misses the Net.
6:54 of 3rd period - Snap shot by Andrei Svechnikov.
6:54 of 3rd period - Shot Blocked by Brandon Montour.
7:14 of 3rd period - Ilya Kovalchuk is hit by Rasmus Ristolainen and loses puck.
7:39 of 3rd period - Snap shot by Logan Couture.
7:39 of 3rd period - Stopped by Casey DeSmith without a rebound.
7:40 of 3rd period - Logan Couture wins face-off versus Filip Forsberg in Flyers zone.
7:41 of 3rd period - Snap shot by Mike Hoffman.
7:41 of 3rd period - Shot Blocked by Filip Forsberg.
7:43 of 3rd period - Slapshot by Mike Hoffman.
7:43 of 3rd period - Shot Misses the Net.
7:45 of 3rd period - Snap shot by Logan Couture.
7:45 of 3rd period - Shot Misses the Net.
7:47 of 3rd period - Slapshot by Mikhail Sergachev.
7:47 of 3rd period - Stopped by Casey DeSmith without a rebound.
7:48 of 3rd period - Leon Draisaitl wins face-off versus Kaapo Kakko in Flyers zone.
8:41 of 3rd period - Slapshot by Vincent Trocheck.
8:41 of 3rd period - Deflect By Travis Zajac.
8:41 of 3rd period - Shot Misses the Net.
8:41 of 3rd period - Puck is out of play.
8:42 of 3rd period - Logan Couture wins face-off versus Travis Zajac in Maple Leafs zone.
8:42 of 3rd period - Logan Couture is hit by T.J. Brodie.
8:47 of 3rd period - Troy Stecher is hit by Vincent Trocheck and loses puck.
8:50 of 3rd period - Snap shot by Mike Hoffman.
8:50 of 3rd period - Stopped by Casey DeSmith without a rebound.
8:51 of 3rd period - Logan Couture wins face-off versus Leon Draisaitl in Flyers zone.
9:10 of 3rd period - Mike Hoffman is hit by Patrick Kane and loses puck.
9:21 of 3rd period - Slapshot by Troy Stecher.
9:21 of 3rd period - Deflect By Kaapo Kakko.
9:21 of 3rd period - Shot Misses the Net.
9:21 of 3rd period - Puck is out of play.
9:22 of 3rd period - Martin Necas wins face-off versus Bobby Ryan in Flyers zone.
9:33 of 3rd period - Wrist shot by Casey Cizikas.
9:33 of 3rd period - Shot Misses the Net.
9:47 of 3rd period - Hampus Lindholm is hit by Travis Zajac and loses puck.
10:20 of 3rd period - Snap shot by Logan Couture.
10:20 of 3rd period - Shot Misses the Net.
10:27 of 3rd period - Icing by Calle Jarnkrok.
10:28 of 3rd period - Jesper Bratt wins face-off versus Leon Draisaitl in Flyers zone.
10:29 of 3rd period - Snap shot by Blake Comeau.
10:29 of 3rd period - Stopped by Casey DeSmith with a rebound.
10:37 of 3rd period - Slapshot by Filip Forsberg.
10:37 of 3rd period - Shot Misses the Net.
10:39 of 3rd period - Snap shot by Mike Matheson.
10:39 of 3rd period - Stopped by Anders Nilsson without a rebound.
10:40 of 3rd period - Leon Draisaitl wins face-off versus Logan Couture in Maple Leafs zone.
10:49 of 3rd period - Slapshot by Patrick Kane.
10:49 of 3rd period - Stopped by Anders Nilsson without a rebound.
10:50 of 3rd period - Leon Draisaitl wins face-off versus Mike Hoffman in Maple Leafs zone.
10:55 of 3rd period - Slapshot by Filip Forsberg.
10:55 of 3rd period - Shot Misses the Net.
10:57 of 3rd period - Snap shot by Patrick Kane.
10:57 of 3rd period - Stopped by Anders Nilsson with a rebound.
11:13 of 3rd period - Snap shot by Kaapo Kakko.
11:13 of 3rd period - Stopped by Casey DeSmith with a rebound.
11:25 of 3rd period - Wrist shot by Leon Draisaitl.
11:25 of 3rd period - Stopped by Anders Nilsson without a rebound.
11:26 of 3rd period - Vincent Trocheck wins face-off versus Bobby Ryan in Maple Leafs zone.
11:31 of 3rd period - Slapshot by Travis Konecny.
11:31 of 3rd period - Deflect By Vincent Trocheck.
11:31 of 3rd period - Stopped by Anders Nilsson with a rebound.
11:33 of 3rd period - Slapshot by Travis Zajac.
11:33 of 3rd period - Stopped by Anders Nilsson with a rebound.
11:41 of 3rd period - Wrist shot by Travis Konecny.
11:41 of 3rd period - Stopped by Anders Nilsson with a rebound.
11:43 of 3rd period - Wrist shot by Vincent Trocheck.
11:43 of 3rd period - Stopped by Anders Nilsson with a rebound.
11:57 of 3rd period - Off-side.
11:58 of 3rd period - Casey Cizikas wins face-off versus Mattias Janmark in neutral zone.
12:27 of 3rd period - Slapshot by Vincent Trocheck.
12:27 of 3rd period - Stopped by Anders Nilsson with a rebound.
13:12 of 3rd period - Wrist shot by Blake Comeau.
13:12 of 3rd period - Shot Misses the Net.
13:16 of 3rd period - Snap shot by Blake Comeau.
13:16 of 3rd period - Stopped by Casey DeSmith without a rebound.
13:17 of 3rd period - Travis Zajac wins face-off versus Logan Couture in Flyers zone.
13:17 of 3rd period - Travis Zajac is hit by Mike Hoffman.
13:45 of 3rd period - Andrei Svechnikov is hit by Casey Cizikas and loses puck.
15:17 of 3rd period - Minor Penalty to Dmitry Kulikov for Holding.
15:18 of 3rd period - Logan Couture wins face-off versus Leon Draisaitl in Maple Leafs zone.
15:44 of 3rd period - Patrick Kane is hit by Ilya Kovalchuk and loses puck.
16:28 of 3rd period - Troy Stecher is hit by Tyson Barrie.
17:17 of 3rd period - Penalty to Dmitry Kulikov is over, Dmitry Kulikov is back on ice.
17:22 of 3rd period - Backhand shot by Hampus Lindholm.
17:22 of 3rd period - Stopped by Casey DeSmith without a rebound.
17:23 of 3rd period - Casey Cizikas wins face-off versus Mattias Janmark in Flyers zone.
17:39 of 3rd period - Nikolaj Ehlers is hit by Calle Jarnkrok and loses puck.
18:11 of 3rd period - Wrist shot by Kevin Fiala.
18:11 of 3rd period - Deflect By Calle Jarnkrok.
18:11 of 3rd period - Shot Blocked by Mattias Janmark.
18:11 of 3rd period - Puck is out of play.
18:12 of 3rd period - Travis Zajac wins face-off versus Logan Couture in Maple Leafs zone.
18:15 of 3rd period - Snap shot by Travis Konecny.
18:15 of 3rd period - Shot Misses the Net.
18:21 of 3rd period - Snap shot by Logan Couture.
18:21 of 3rd period - Stopped by Casey DeSmith with a rebound.
18:23 of 3rd period - Snap shot by Mikhail Sergachev.
18:23 of 3rd period - Deflect By Logan Couture.
18:23 of 3rd period - Shot Blocked by Vincent Trocheck.
18:23 of 3rd period - Puck is out of play.
18:24 of 3rd period - Logan Couture wins face-off versus Travis Zajac in Flyers zone.
18:29 of 3rd period - Slapshot by Logan Couture.
18:29 of 3rd period - Shot Misses the Net.
18:31 of 3rd period - Slapshot by Mike Hoffman.
18:31 of 3rd period - Shot Blocked by Rasmus Ristolainen.
18:33 of 3rd period - Wrist shot by Logan Couture.
18:33 of 3rd period - Shot Misses the Net.
18:35 of 3rd period - Wrist shot by Logan Couture.
18:35 of 3rd period - Goal by Logan Couture - Flyers : 5 - Maple Leafs : 2.
18:36 of 3rd period - Casey Cizikas wins face-off versus Logan Couture in neutral zone.
19:06 of 3rd period - Wrist shot by Mikhail Sergachev.
19:06 of 3rd period - Shot Blocked by Filip Forsberg.
Goals for this period are 2 for Flyers vs 1 for Maple Leafs.
Shots for this period are 13 for Flyers vs 12 for Maple Leafs. Output by the SimonT Hockey Simulator (STHS) for Eric Tremblay - Original Page W3C HTML5 Valid
Hockey Simulator - Hockey Simulation - Hockey Manager